 Dungeon Crawl Stone Soup version 0.29.0-4-gdea44cf6ec (webtiles) character file.

Game seed: 13718884662530124346

44 qw the Chopper (level 3, -6/21 HPs)
             Began as a Tengu Warper on Aug 28, 2022.
             Mangled by Sigmund
             ... wielding a +0 scythe
              (8 damage)
             ... on level 2 of the Dungeon.
             The game lasted 00:00:06 (2290 turns).

qw the Chopper (Tengu Warper)                       Turns: 2290, Time: 00:00:07

Health: -6/21      AC:  3    Str: 13    XL:     3   Next: 62%
Magic:  7/7        EV: 10    Int: 13    God:
Gold:   51         SH:  7    Dex: 13    Spells: 6/6 levels left

rFire   . . .      SeeInvis .   Y - +0 hand axe
rCold   . . .      Faith    .   g - +0 kite shield
rNeg    . . .      Spirit   .   b - +0 leather armour
rPois   .          Reflect  .   (helmet restricted)
rElec   .          Harm     .   (no cloak)
rCorr   .          Rampage  .   (no gloves)
Will    .....                   (boots unavailable)
Stlth   +.........              (no amulet)
HPRegen 0.07/turn               (no ring)
MPRegen 0.10/turn               (no ring)

@: no status effects
A: beak, talons 3
a: no special abilities


You were on level 2 of the Dungeon.
You visited 1 branch of the dungeon, and saw 2 of its levels.

You collected 51 gold pieces.


Innate Abilities, Weirdness & Mutations

You have a beak for a mouth.
You have claws for feet.


   Skills:
 - Level 2.0 Fighting
 - Level 4.0 Axes
 - Level 1.0 Throwing
 - Level 1.1 Armour
 - Level 2.1 Dodging
 + Level 1.1 Shields
 - Level 2.0 Spellcasting
 - Level 2.4 Translocations


You had 6 spell levels left.
You didn't know any spells.
Your spell library contained the following spells:

 Spells                   Type           Power      Damage    Failure   Level
 Blink                    Tloc           14%        N/A       54%         2
 Gell's Gravitas          Tloc           7%         N/A       77%         3
 Lesser Beckoning         Tloc           7%         N/A       77%         3
 Teleport Other           Tloc           7%         N/A       77%         3
 Manifold Assault         Tloc           7%         N/A       100%        5

Inventory:

Hand Weapons
 j - a +0 mace of holy wrath
 Y - a +0 hand axe (weapon)
Armour
 b - a +0 leather armour (worn)
 c - a +0 ring mail
 g - a +0 kite shield (worn)
Scrolls
 a - a scroll of identify
Potions
 i - a potion of mutation {unknown}

Dungeon Overview and Level Annotations

Branches:
Dungeon (2/15)

Altars:

Annotations:
D:2 Sigmund


Message History

Enter note:
Enter note: Sigmund the Dreaded comes into view.
He is wielding a +0 scythe and carrying a wand of polymorph (6).
Enter note:
2153 ||| Stepping ~*~*~tactically~*~*~ (hiding).
You start waiting.
Done waiting.
2255 ||| Stepping ~*~*~tactically~*~*~ (hiding).
You start waiting.
A kobold comes into view.
It is wielding a +0 club and wearing a +1 robe of fire resistance.
2279 ||| Stepping ~*~*~tactically~*~*~ (stealth).
A kobold is nearby!
2281 ||| Stepping ~*~*~tactically~*~*~ (stealth).
The kobold shouts!
You closely miss the kobold. The kobold barely misses you.
Sigmund shouts!
You hit the kobold.
The kobold is moderately wounded.
You block the kobold's attack.
Sigmund mumbles some strange words.
Sigmund flickers and vanishes!
Deactivating autopickup; reactivate with Ctrl-A.
The kobold hits you but does no damage.
You closely miss the kobold. Your kick misses the kobold.
The kobold is moderately wounded.
The kobold hits you but does no damage. Something hits you!
You barely miss the kobold. You claw the kobold. Your peck misses the kobold.
The kobold is severely wounded.
The kobold closely misses you. Something hits you!
You closely miss the kobold. You claw the kobold, but do no damage.
Your peck misses the kobold.
The kobold is severely wounded.
The kobold hits you with a +0 club.
You hit the kobold.
You kill the kobold!
Something hits you.
You swing at nothing.
Something hits you!
You die...

.P~~~#..%...#~~~~...######
..~~~........~~~~....P.##
.~~~~#......#~~~~.#..##.#
.~~.###....###.~~..#.P.P#
.~~~~#......#~~~~.....P##
.P~~~........~~~~...##PP#
#.P~~#......#~~~~.##.PP##
P..~###....###.~~..##.##
#... #.....@#..~~##.###
#########.....)#########
#..............{#
#.#############....@...
#.....# .....[.#. #####.#
........#
#######.#######........#
..............+........#
.######.#######........#


There were no monsters in sight!

Vanquished Creatures
  A gnoll (D:1)
  An adder (D:2)
  A dart slug (D:1)
  A bat (D:1)
  4 endoplasms (D:1)
  2 goblins
  3 hobgoblins (D:1)
  2 quokkas
  2 ball pythons (D:1)
  2 kobolds
  3 rats (D:1)
22 creatures vanquished.

Vanquished Creatures (others)
  2 plants (D:2)
2 creatures vanquished.

Grand Total: 24 creatures vanquished

Notes
Turn   | Place    | Note
-------+----------+-------------------------------------------
     0 | D:1      | qw the Tengu Warper began the quest for the Orb.
     0 | D:1      | Reached XP level 1. HP: 12/12 MP: 4/4
     0 | D:1      | 0 ||| qw: Version: 0.1-a-89-g26bdef1
     0 | D:1      | 0 ||| qw: Game counter: 2828
     0 | D:1      | 0 ||| qw: Always use a shield: true
     0 | D:1      | 0 ||| qw: God list: Okawaru
     0 | D:1      | 0 ||| qw: Allow faded altars: false
     0 | D:1      | 0 ||| qw: Do Orc after D:15 true
     0 | D:1      | 0 ||| qw: Do second Lair branch before Depths: true
     0 | D:1      | 0 ||| qw: Lair rune preference: random
     0 | D:1      | 0 ||| qw: Plans: Normal
     0 | D:1      | 0 ||| PLANNING D:1-11
    85 | D:1      | 85 ||| Stepping ~*~*~tactically~*~*~ (stealth).
    89 | D:1      | 89 ||| Stepping ~*~*~tactically~*~*~ (stealth).
    91 | D:1      | 91 ||| Stepping ~*~*~tactically~*~*~ (stealth).
   178 | D:1      | Reached skill level 3 in Axes
   178 | D:1      | Reached XP level 2. HP: 13/17 MP: 6/6
   533 | D:1      | 533 ||| Stepping ~*~*~tactically~*~*~ (hiding).
   705 | D:1      | HP: 4/17 [gnoll/+0 club (8)]
   708 | D:1      | Reached XP level 3. HP: 5/21 MP: 7/7
  1064 | D:1      | 1064 ||| DROPPING +0 club.
  1079 | D:1      | Found a faded altar of an unknown god.
  1252 | D:1      | Reached skill level 4 in Axes
  1509 | D:1      | 1509 ||| UPGRADING to +0 kite shield.
  1514 | D:1      | 1514 ||| READING scroll labelled JEELIL WAFOREI.
  1515 | D:1      | 1515 ||| READING scroll labelled ALEFEI GAADUE.
  1516 | D:1      | 1516 ||| READING 2 scrolls labelled ZUMYITT ANIE.
  1517 | D:1      | 1517 ||| READING scroll labelled BIGOYF EJEUPH.
  1518 | D:1      | 1518 ||| DROPPING scroll of blinking.
  1519 | D:1      | 1519 ||| DROPPING scroll of amnesia.
  1520 | D:1      | 1520 ||| Stepping randomly (stuck).
  1521 | D:1      | 1521 ||| Stepping ~*~*~tactically~*~*~ (cloud).
  1524 | D:1      | HP: 5/21 [poisoned by you (poison gas)]
  1527 | D:1      | HP: 2/21 [poisoned by you (poison gas)]
  1901 | D:2      | Reached skill level 1 in Shields
  2152 | D:2      | Noticed Sigmund
  2153 | D:2      | 2153 ||| Stepping ~*~*~tactically~*~*~ (hiding).
  2255 | D:2      | 2255 ||| Stepping ~*~*~tactically~*~*~ (hiding).
  2279 | D:2      | 2279 ||| Stepping ~*~*~tactically~*~*~ (stealth).
  2281 | D:2      | 2281 ||| Stepping ~*~*~tactically~*~*~ (stealth).
  2287 | D:2      | HP: 5/21 [something (8)]
  2288 | D:2      | HP: 2/21 [kobold/+0 club (3)]
  2290 | D:2      | Mangled by Sigmund

Levels and vault maps discovered:
D:1:      dpeg_arrival_rooms_b, layout_loops_ring,
          nicolae_ecumenical_lake_church
D:2:      wad_lake_hut, layout_basic, serial_shops, shop_coins, st_stairs_6,
          uniq_sigmund

Skill      XL: |  1  2  3 |
---------------+----------+-----
Axes           | 3 4 |  4.0
Shields        | 1 |  1.1
Fighting       | |  2.0
Throwing       | |  1.0
Armour         | |  1.1
Dodging        | |  2.1
Spellcasting   | |  2.0
Translocations | |  2.4

Action                   || total
-------------------------++-------
Melee: Hand axe          ||    50
       Peck              ||     9
       Kick              ||    11
       Punch             ||     1
Throw: Boomerang         ||     7
  Use: Scroll            ||     4
Armor: Leather armour    ||     9
Dodge: Dodged            ||    19
Block: Kite shield       ||     5

Table legend:
 A = Non-vault XP
 B = Vault XP
 C = Vault XP percentage of total XP
 D = Non-vault monster count
 E = Vault monster count
 F = Vault count percentage of total count
                 A         B        C        D         E       F
            +---------+---------+-------+---------+---------+-------
      Total |      64 |       0 |   0.0 |      22 |       0 |   0.0
            +---------+---------+-------+---------+---------+-------
        D:1 |      45 |       0 |   0.0 |      18 |       0 |   0.0
        D:2 |      19 |       0 |   0.0 |       4 |       0 |   0.0
            +---------+---------+-------+---------+---------+-------
